 Dungeon Crawl Stone Soup version 0.29-a0-334-gb41bcbb86e (webtiles) character file.

Game seed: 10413293334034344811

17 spaghetti the Sneak (level 2, 11/18 HPs)
             Began as a Deep Elf Delver on Apr 13, 2022.
             Quit the game on level 4 of the Dungeon.
             The game lasted 00:00:26 (76 turns).

spaghetti the Sneak (Deep Elf Delver)                 Turns: 76, Time: 00:00:26

Health: 11/18      AC:  3    Str:  9    XL:     2   Next: 44%
Magic:  4/4        EV: 12    Int: 14    God:
Gold:   12         SH:  0    Dex: 16    Spells: 1/1 levels left

rFire   . . .      SeeInvis .   a - +0 falchion {long}
rCold   . . .      Faith    .   (no shield)
rNeg    . . .      Spirit   .   b - +0 leather armour
rPois   .          Reflect  .   (no helmet)
rElec   .          Harm     .   (no cloak)
rCorr   .          Rampage  .   (no gloves)
Will    +....                   (no boots)
Stlth   +++.......              (no amulet)
HPRegen 0.06/turn               h - ring of willpower
MPRegen 0.09/turn               (no ring)

@: no status effects
A: no striking features
a: no special abilities


You were on level 4 of the Dungeon.
You visited 1 branch of the dungeon, and saw 2 of its levels.

You collected 12 gold pieces.


   Skills:
 - Level 2.4 Fighting
 - Level 1.7 Long Blades
 - Level 2.4 Dodging
 + Level 6.9 Stealth


You had one spell level left.
You didn't know any spells.
Your spell library contained the following spells:

 Spells                   Type           Power      Damage    Failure   Level
 Sandblast                Erth           0%         2d4       38%         1
 Passwall                 Tmut/Erth      0%         N/A       52%         2
 Stone Arrow              Conj/Erth      0%         3d7       77%         3

Inventory:

Hand Weapons
 a - a +0 falchion (weapon) {long}
Armour
 b - a +0 leather armour (worn)
Jewellery
 h - a ring of willpower (left hand)
   (You found it on level 5 of the Dungeon)
Wands
 g - a wand of digging (3)
Scrolls
 c - 2 scrolls of fog
 e - a scroll of fear
Potions
 f - a potion of haste {@q3}

Dungeon Overview and Level Annotations

Branches:
Dungeon (5/15)
 Temple: D:4-7

Altars:

.. .. .# ##.#
...## #...# ####
#.#.#.....
#.#>#.......
#...@.......
...............
#..##.###.#.###.
.. #. .. .. ..
... ... ## ###.
.. .. . ##


There were no monsters in sight!


Message History

🤖 Initializing magus.rc ...
Options error: Delay interrupt name "hungry" not recognised. (~/.crawlrc:4761) Options error: Bad monster_list_colour key: strict_neutral (~/.crawlrc:4776) ✅ Successfully initialized magus.rc [v1.9.6] Welcome, spaghetti the Deep Elf Delver.
You feel drawn to the Orb of Zot, downwards into the unfathomable depths...
Press ? for a list of commands and other information.
Found 12 gold pieces.
Found two stone staircases leading down.
You now have 12 gold pieces.
Key pressed, stopping explore.
A shadow imp comes into view.
A shadow imp is nearby!
You see here a ring of willpower.
h - a ring of willpower
h - a ring of willpower (left hand)
The shadow imp hits you. 😕 HP[-3]
You take 3 damage, and now have 10/13 hp.
MASSIVE DAMAGE!! (PAUSE)
You barely miss the shadow imp.
The shadow imp hits you but does no damage.
You barely miss the shadow imp. The shadow imp completely misses you.
You barely miss the shadow imp. The shadow imp gestures at you.
You resist with significant effort.
The shadow imp hits you but does no damage.
You hit the shadow imp. The shadow imp hits you. 😮 HP[-1]
You take 1 damage, and now have 9/13 hp.
You hit the shadow imp but do no damage.
The shadow imp misses you. 😕 HP[+1]
You slash the shadow imp!
You kill the shadow imp!
c - 2 scrolls of fog (gained 1) Really read
d - a scroll of magic mapping {!r}?
As you read the scroll of magic mapping {!r}, it crumbles to dust.
You feel aware of your surroundings.
An adder and a worm come into view.
Found 14 gold pieces.
Found a stone staircase leading up.
You can't go down here!
The adder hisses angrily.
You miss the adder. The adder closely misses you.
The adder completely misses you.
You hit the adder. The adder bites you. 😮 HP[-2]
You take 2 damage, and now have 8/13 hp.
You hit the adder. The adder barely misses you. The adder misses you.
You closely miss the adder. The adder closely misses you.
You barely miss the adder. The adder closely misses you.
The adder bites you. 😮 HP[-1]
You take 1 damage, and now have 7/13 hp.
You closely miss the adder. You punch the adder, but do no damage.
The adder barely misses you. The adder closely misses you.
You barely miss the adder. The adder barely misses you.
You slash the adder!
You kill the adder!
You have reached level 2! 😮 HP[+3] MP[+1]
You now have 18 max hp (+5).
You regained 3 hp, and now have 10/18 hp.
Your mp is fully restored (4).
You see here an adder corpse.
Found an escape hatch in the ceiling. 😮 HP[+1]
There is a stone staircase leading up here.
You climb upwards.
There is a stone staircase leading down here.
Unknown command.
Unknown command.
Unknown command.
You pick up a book of Geomancy and begin reading...
You add the spells Sandblast, Passwall and Stone Arrow to your library.
Okay, then.
Okay, then.
Okay, then.
Are you sure you want to abandon this character and quit the game? (Confirm with "yes".)

Action                   || total
-------------------------++-------
Melee: Falchion          ||    14
       Punch             ||     1
  Use: Scroll            ||     1
Armor: Leather armour    ||     2
Dodge: Dodged            ||    11

Levels and vault maps discovered:
D:4:      layout_rooms, serial_shops, shop, serial_corexii_hall,
          corexii_hall_statues_l, chequers_hall_statues_y,
          corexii_hall_statues_u
D:5:      layout_rooms, corexii_leaking_fountain

Notes
Turn   | Place    | Note
-------+----------+-------------------------------------------
     0 | D:5      | spaghetti the Deep Elf Delver began the quest for the Orb.
     0 | D:5      | Reached XP level 1. HP: 13/13 MP: 3/3
     0 | D:5      | magus.rc [v1.9.6]
    67 | D:5      | Reached XP level 2. HP: 10/18 MP: 4/4
    75 | D:4      | You pick up a book of Geomancy and begin reading...
    75 | D:4      | You add the spells Sandblast, Passwall and Stone Arrow to
                  | your library.
    76 | D:4      | Quit the game

Vanquished Creatures
  An adder (D:5)
  A shadow imp (D:5)
2 creatures vanquished.

Table legend:
 A = Non-vault XP
 B = Vault XP
 C = Vault XP percentage of total XP
 D = Non-vault monster count
 E = Vault monster count
 F = Vault count percentage of total count
                 A         B        C        D         E       F
            +---------+---------+-------+---------+---------+-------
      Total |      25 |       0 |   0.0 |       2 |       0 |   0.0
            +---------+---------+-------+---------+---------+-------
        D:5 |      25 |       0 |   0.0 |       2 |       0 |   0.0
            +---------+---------+-------+---------+---------+-------

Illustrated notes

Table legend:
 A = Kills in this place as a percentage of kills in entire the game.
 B = Kills by you in this place as a percentage of kills by you in the entire game.
 C = Kills by friends in this place as a percentage of kills by friends in the entire game.
 D = Other kills in this place as a percentage of other kills in the entire game.
 E = Experience gained in this place as a percentage of experience gained in the entire game.
 F = Experience gained in this place divided by the number of levels of this place that you have seen.
                   A       B       C       D       E      F
               +-------+-------+-------+-------+-------+----------------------
         Total | 100.0 | 100.0 |   N/A |   N/A | 100.0 |  12.5
       Dungeon | 100.0 | 100.0 |   N/A |   N/A | 100.0 |  12.5
               +-------+-------+-------+-------+-------+----------------------

Table legend: (Time is in decaauts)
 A = Elapsed time spent in this place.
 B = Non-inter-level travel time spent in this place.
 C = Inter-level travel time spent in this place.
 D = Time resting spent in this place.
 E = Time spent auto-exploring this place.
 F = Levels seen in this place.
 G = Mean time per level.
                   A        B        C        D        E       F      G
               +--------+--------+--------+--------+--------+-----+--------+
         Total |     78 |     76 |      2 |      0 |     37 |   2 |   39.0 |
       Dungeon |     78 |     76 |      2 |      0 |     37 |   2 |   39.0 |
               +--------+--------+--------+--------+--------+-----+--------+

Top non-repeatable levels by time:
     D:5: 75 daAuts
     D:4: 2 daAuts
